 Dungeon Crawl Stone Soup version 0.19-a0-1320-g0178847 (webtiles) character file.

8771 sveltemanboy the Covert (level 11, 0/75 HPs)
             Began as a Demonspawn Artificer on Aug 31, 2016.
             Was a Follower of Ashenzari.
             Slain by a seven-headed hydra (14 damage)
             ... on level 11 of the Dungeon.
             The game lasted 00:47:27 (13584 turns).

sveltemanboy the Covert (Demonspawn Artificer)     Turns: 13584, Time: 00:47:28

Health: 0/75       AC: 10    Str: 13    XL:     11   Next: 14%
Magic:  15/15      EV: 16    Int: 13    God:    Ashenzari [*.....]
Gold:   538        SH:  0    Dex: 16    Spells: 2 memorised, 7 levels left

rFire  . . .     SeeInvis .     a - +3 short sword (venom)
rCold  + . .     Gourm    .     D - +2 leather armour {MR+} (curse)
rNeg   . . .     Faith    .     (no shield)
rPois  +         Spirit   .     (helmet unavailable)
rElec  .         Dismiss  .     x - +0 cloak
rCorr  .         Reflect  .     I - +2 pair of gloves {archery} (curse)
MR     +....     Harm     .     C - +0 pair of boots (curse)
Stlth  +++++.....               (no amulet)
                                p - +3 ring of evasion (curse)
                                G - ring of poison resistance (curse)

@: no status effects
A: horns 3, cold resistance 1, nightstalker 1
a: Curse Item, Scrying, Renounce Religion


You were on level 11 of the Dungeon.
You worshipped Ashenzari.
Ashenzari was aware of your devotion.
You were hungry.

You visited 2 branches of the dungeon, and saw 12 of its levels.

You collected 610 gold pieces.
You spent 72 gold pieces at shops.

Inventory:

Hand Weapons
 a - a +3 short sword of venom (weapon)
 b - a +2 long sword of electrocution
Missiles
 y - a throwing net (quivered)
Armour
 x - a +0 cloak (worn)
 C - a cursed +0 pair of boots (worn)
 D - a cursed +2 leather armour of magic resistance (worn)
 I - a cursed +2 pair of gloves of archery (worn)
Jewellery
 k - an uncursed ring of positive energy
 p - a cursed +3 ring of evasion (right hand)
 G - a cursed ring of poison resistance (left hand)
Wands
 c - a wand of flame (1/48)
 g - a wand of paralysis (17/24)
 r - a wand of polymorph (12/24)
 t - a wand of enslavement (12/24)
 A - a wand of flame (14/48)
 K - a wand of slowing (23/48)
Scrolls
 n - 4 scrolls of teleportation
 o - a scroll of enchant weapon
 v - 2 scrolls of identify
 F - a scroll of fog
 J - 2 scrolls of recharging
Potions
 d - 2 potions of flight
 h - 2 potions of invisibility
 i - a potion of heal wounds
 j - 2 potions of resistance
 q - 2 potions of magic
 w - 3 potions of agility
 E - a potion of haste
Books
 m - a book of Misfortune

   Spells                             Type                      Level
   a - Confusing Touch                Hexes                        1
   b - Confuse                        Hexes                        3
   c - Gell's Gravitas                Hexes/Translocation          3
   d - Petrify                        Transmutation/Earth          4
   e - Metabolic Englaciation         Hexes/Ice                    5
   f - Yara's Violent Unravelling     Hexes/Transmutation          5
 z - a book of Enchantments

   Spells                             Type                      Level
   a - Cause Fear                     Hexes                        4
   b - Yara's Violent Unravelling     Hexes/Transmutation          5
   c - Silence                        Hexes/Air                    5
   d - Deflect Missiles               Charms/Air                   6
   e - Haste                          Charms                       6
   f - Discord                        Hexes                        8
Comestibles
 f - 9 bread rations
 l - a royal jelly
 s - 11 slices of pizza
 u - 6 meat rations


   Skills:
 - Level 3.1 Fighting
 - Level 8.0(8.9) Short Blades
 * Level 5.7(7.7) Long Blades
 + Level 3.5 Armour
 + Level 2.6 Dodging
 - Level 10.0 Stealth
 - Level 1.0 Spellcasting
 - Level 4.0 Hexes
 + Level 6.6 Evocations


You had 7 spell levels left.
You knew the following spells:

 Your Spells              Type           Power        Failure   Level  Hunger
a - Slow                  Hex            ##......     12%         2    ###....
b - Confuse               Hex            ##......     21%         3    ####...


Dungeon Overview and Level Annotations

Branches:
Dungeon (11/15)            Temple (1/1) D:7            Lair (0/6) D:8
    Orc: D:9-12

Altars:
Ashenzari
Cheibriados
Dithmenos
Elyvilon
Fedhas
Gozag
Hepliaklqana
Kikubaaqudgha
Makhleb
Nemelex Xobeh
Okawaru
Qazlal
Ru
Sif Muna
Trog
Uskayaw
Vehumet
Xom
Yredelemnul
Zin
The Shining One

Shops:
D:7 ?


Innate Abilities, Weirdness & Mutations

You have a pair of large horns on your head.
Your flesh is cold resistant. (rC+)
You are slightly more attuned to the shadows.


Message History

The seven-headed hydra bites you! x2
* * * LOW HITPOINT WARNING * * *
The seven-headed hydra barely misses you.
The seven-headed hydra closely misses you.
You are feeling hungry.
Evoke which item? (* to show all) (? for menu, Esc to quit)
Zapping:
c - a wand of flame (2/48)
Press: ? - help, Shift-Dir - straight line, f - seven-headed hydra
Aim: a seven-headed hydra (severely wounded, poisoned)
The puff of flame hits the seven-headed hydra.
The seven-headed hydra is almost dead.
This wand has 1 charge left.
The seven-headed hydra closely misses you.
The seven-headed hydra bites you.
* * * LOW HITPOINT WARNING * * *
The seven-headed hydra bites you.
* * * LOW HITPOINT WARNING * * *
The seven-headed hydra bites you but does no damage.
The seven-headed hydra bites you!
You die...

# ####. .....#
##...########
#.......D@..#
##...#..###.#
#.$##...##(####.
#.###...........#
#......<...######
############


You could see a seven-headed hydra.

Vanquished Creatures
  A centaur warrior (D:10)
  An unseen horror (D:8)
  Pikel (D:6)
  The ghost of Dominolapin the Covert, a novice NaEn of Dithmenos (D:6)
  A cyclops (D:11)
  3 trolls (D:9)
  2 two-headed ogres
  Eustachio (D:5)
  4 yaks (D:9)
  The ghost of azzavlup the Skirmisher, an amateur DsAK of Lugonu (D:3)
  A hippogriff (D:10)
  4 orc warriors
  5 ogres
  A black bear (D:7)
  A necrophage (D:6)
  A phantom (D:7)
  A wolf (D:6)
  4 centaurs
  A crocodile (D:7)
  A big kobold (D:3)
  5 giant frogs
  A wyvern zombie (D:7)
  3 scorpions
  A wyvern skeleton (D:6)
  Dowan (D:6)
  3 wights (D:10)
  3 howler monkeys
  3 crimson imps
  A giant frog zombie (D:5)
  A centaur zombie (D:9)
  8 hounds
  A gnoll shaman (D:4)
  6 orc priests
  A centaur skeleton (D:5)
  2 jellies
  5 orc wizards
  Ijyb (D:3)
  8 worker ants
  2 hound skeletons
  A howler monkey skeleton (D:7)
  8 adders
  27 gnolls
  2 shadow imps
  An adder skeleton (D:4)
  2 adder zombies
  7 worms
  4 dart slugs
  8 giant geckos
  23 orcs
  8 giant cockroaches
  6 goblins
  6 hobgoblins
  15 jackals
  6 quokkas
  6 ball pythons
  A ball python skeleton (D:4)
  8 bats
  6 giant newts
  A jackal skeleton (D:6)
  A jackal zombie (D:8)
  11 kobolds
  A quokka skeleton (D:8)
  14 rats
265 creatures vanquished.

Vanquished Creatures (collateral kills)
  An ice beast (D:7)
  A gnoll shaman (D:4)
  An adder (D:3)
  10 gnolls
  A jackal (D:3)
  A kobold (D:1)
  A bat (D:3)
16 creatures vanquished.

Vanquished Creatures (others)
  4 gnolls
4 creatures vanquished.

Grand Total: 285 creatures vanquished

Notes
Turn   | Place    | Note
-------+----------+-------------------------------------------
     0 | D:1      | sveltemanboy the Demonspawn Artificer began the quest for the Orb.
     0 | D:1      | Reached XP level 1. HP: 15/15 MP: 3/3
   611 | D:1      | Gained mutation: You have a pair of small horns on your head. [demonic ancestry]
   611 | D:1      | Reached XP level 2. HP: 21/21 MP: 4/4
  1007 | D:1      | Reached skill level 1 in Armour
  1287 | D:1      | Reached XP level 3. HP: 24/27 MP: 5/5
  2232 | D:2      | Gained mutation: You are slightly more attuned to the shadows. [demonic ancestry]
  2232 | D:2      | Reached XP level 4. HP: 25/34 MP: 6/6
  2873 | D:3      | Noticed Ijyb
  2894 | D:3      | Killed Ijyb
  2906 | D:3      | Reached XP level 5. HP: 24/41 MP: 7/7
  3144 | D:3      | Noticed azzavlup's ghost (amateur DsAK)
  3173 | D:3      | Reached skill level 1 in Short Blades
  3208 | D:3      | Reached skill level 1 in Stealth
  3314 | D:3      | Reached skill level 2 in Stealth
  3687 | D:3      | Killed azzavlup's ghost
  3687 | D:3      | Reached skill level 3 in Stealth
  3687 | D:3      | Reached XP level 6. HP: 36/47 MP: 8/8
  4281 | D:4      | Reached skill level 4 in Stealth
  4281 | D:4      | Reached XP level 7. HP: 26/52 MP: 9/9
  4460 | D:4      | Learned a level 2 spell: Slow
  5069 | D:4      | Reached skill level 1 in Spellcasting
  5383 | D:4      | Reached skill level 5 in Stealth
  5543 | D:4      | Reached skill level 1 in Hexes
  5770 | D:4      | Gained mutation: Your flesh is cold resistant. (rC+) [demonic ancestry]
  5770 | D:4      | Reached XP level 8. HP: 49/58 MP: 10/10
  6352 | D:4      | Reached skill level 5 in Short Blades
  7017 | D:5      | Entered Level 5 of the Dungeon
  7158 | D:5      | Reached skill level 6 in Stealth
  7237 | D:5      | Noticed Eustachio
  7266 | D:5      | Killed Eustachio
  7350 | D:5      | Learned a level 3 spell: Confuse
  8175 | D:6      | Noticed Dowan
  8177 | D:6      | Noticed Duvessa
  8180 | D:6      | Killed Dowan
  8183 | D:6      | Noticed Duvessa
  8183 | D:6      | Duvessa changed into Duvessa the wolf
  8190 | D:6      | Noticed Dominolapin's ghost (novice NaEn)
  8195 | D:6      | Killed Duvessa the wolf
  8195 | D:6      | Reached skill level 7 in Stealth
  8195 | D:6      | Gained mutation: You have a pair of horns on your head. [demonic ancestry]
  8195 | D:6      | Reached XP level 9. HP: 28/63 MP: 11/11
  8306 | D:6      | Killed Dominolapin's ghost
  8733 | D:6      | Noticed Pikel
  8760 | D:6      | Killed Pikel
  8760 | D:6      | Reached skill level 8 in Stealth
  9278 | D:7      | Found a staircase to the Ecumenical Temple.
  9288 | Temple   | Entered the Ecumenical Temple
  9362 | Temple   | Became a worshipper of Ashenzari the Shackled
  9536 | D:7      | Found Hitz's Magic Scroll Emporium.
  9540 | D:7      | Bought a scroll of teleportation for 36 gold pieces
  9540 | D:7      | Bought a scroll of remove curse for 36 gold pieces
  9883 | D:7      | Found an iron altar of Okawaru.
 10131 | D:7      | Reached XP level 10. HP: 65/70 MP: 13/13
 10221 | D:7      | Reached skill level 5 in Evocations
 10382 | D:8      | Reached skill level 1 in Long Blades
 10382 | D:8      | Reached skill level 9 in Stealth
 10581 | D:8      | Found a staircase to the Lair.
 10591 | D:8      | Found a shimmering altar of Xom.
 10642 | D:8      | Identified a scroll of acquirement
 10691 | D:8      | Killed an unseen horror
 10911 | D:8      | Reached * piety under Ashenzari
 12083 | D:9      | Reached skill level 10 in Stealth
 12622 | D:10     | Entered Level 10 of the Dungeon
 12641 | D:10     | Found a shattered altar of Ashenzari.
 12913 | D:10     | Reached skill level 5 in Long Blades
 13220 | D:10     | Noticed a centaur warrior
 13230 | D:10     | Killed a centaur warrior
 13230 | D:10     | Gained mutation: You have a pair of large horns on your head. [demonic ancestry]
 13230 | D:10     | Reached XP level 11. HP: 61/75 MP: 15/15
 13570 | D:11     | Noticed a seven-headed hydra
 13584 | D:11     | Slain by a seven-headed hydra

Vault maps used:
D:1:      erik_arrival_cave_to_civilisation
D:3:      uniq_iyjb
D:4:      lemuel_castle_with_subvaults, first_bread, roderic_roman_lattice
D:5:      uniq_eustachio
D:6:      uniq_duvessa, uniq_pikel
D:7:      serial_shops, shop, david_defended_altar_orc
D:8:      lair_0_dummy, basic_altar
D:9:      grunt_pizzeria, hangedman_abyss_or_decor_clamps
D:10:     grunt_ministairs_15, evilmike_ruin_ashenzari
D:11:     orc_0_dummy, zaba_antful_of_joy
Temple:   dpeg_three_leaves_temple

Skill      XL: |  1  2  3  4  5  6  7  8  9 10 |
---------------+-------------------------------+-----
Dodging        | 2 |  2.6
Armour         | 1 2 3 |  3.5
Fighting       | 2 3 |  3.1
Short Blades   | 2 3 4 6 8 |  8.0
Stealth        | 3 4 5 7 8 10 | 10.0
Spellcasting   | 1 |  1.0
Hexes          | 1 3 4 |  4.0
Evocations     | 4 6 |  6.6
Long Blades    | 5 |  5.7

Action                   |  1- 3 |  4- 6 |  7- 9 | 10-12 || total
-------------------------+-------+-------+-------+-------++-------
Melee: Short sword       |   161 |   183 |   331 |   166 ||   841
       Headbutt          |    11 |    28 |    90 |    48 ||   177
       Dagger            |       |     7 |    54 |       ||    61
       Long sword        |       |       |       |    80 ||    80
Throw: Stone             |    90 |    22 |     5 |       ||   117
       Throwing net      |       |       |     7 |     7 ||    14
 Cast: Confuse           |       |       |     2 |       ||     2
       Slow              |       |       |     1 |       ||     1
Invok: Curse Item        |       |       |     2 |     2 ||     4
Evoke: Wand              |     8 |    25 |    36 |    10 ||    79
  Use: Potion            |     1 |     4 |     6 |       ||    11
       Scroll            |       |     4 |    11 |     4 ||    19
 Stab: Paralysed         |       |     4 |       |       ||     4
       Sleeping          |       |    10 |    34 |    13 ||    57
       Distracted        |       |       |     3 |     1 ||     4
       Held in net/web   |       |       |     2 |     1 ||     3
  Eat: Chunk             |     4 |     7 |    20 |    10 ||    41
Armor: Leather armour    |     9 |    12 |    57 |    47 ||   125
       Ring mail         |    48 |    16 |       |       ||    64
       Skin              |       |       |    26 |       ||    26
Dodge: Dodged            |   115 |   136 |   213 |   130 ||   594
